 Dungeon Crawl Stone Soup version 0.28.0-62-gf88900778d (webtiles) character file.

Game seed: 13702750940215098010

10068 cbfl8 the Basher (level 11, -1/54 HPs)
             Began as a Gargoyle Berserker on Aug 7, 2023.
             Was an Elder of Trog.
             Succumbed to barbed spike wounds
             ... on level 2 of the Abyss on Aug 11, 2023.
             The game lasted 00:18:33 (12351 turns).

cbfl8 the Basher (Gargoyle Berserker)              Turns: 12351, Time: 00:18:34

Health: -1/54      AC: 25    Str: 20      XL:     11   Next: 56%
Magic:  11/11      EV:  7    Int: 13 (15) God:    Trog [****..]
Gold:   483        SH:  5    Dex: 11 (13) Spells: 10/10 levels left

rFire   + . .      SeeInvis .   a - +0 mace (protect)
rCold   x . .      Faith    .   (no shield)
rNeg    + . .      Spirit   .   J - +0 plate armour
rPois   ∞          Reflect  +   I - +0 helmet
rElec   +          Harm     .   h - scarf {shadows}
rCorr   +          Rampage  .   L - +0 pair of gloves
Will    .....                   G - +0 pair of boots {Stlth+}
Stlth   ..........              o - amulet of reflection
HPRegen 0.18/turn               i - ring of flight
MPRegen 0.12/turn               y - ring of Heresy {Fire rCorr Int+6}

@: spiked, on berserk cooldown, flying, slowed, very slow
A: sickness immunity, AC +8, negative energy resistance 1, electricity
resistance, torment resistance 1, petrification resistance, [deterioration 2],
[frail 2]
a: Renounce Religion, Berserk, Trog's Hand, Brothers in Arms


You were on level 2 of the Abyss.
You worshipped Trog.
Trog was greatly pleased with you.
You visited 1 branch of the dungeon, and saw 10 of its levels.
You visited the Abyss 1 time.
You also visited: Sewer and Ossuary.

You collected 483 gold pieces.

Inventory:

Hand Weapons
 a - a +0 mace of protection (weapon)
Missiles
 u - 2 throwing nets
Armour
 h - a scarf of shadows (worn)
 G - a +0 pair of boots of stealth (worn)
 I - a +0 helmet (worn)
 J - a +0 plate armour (worn)
 L - a +0 pair of gloves (worn)
Jewellery
 i - a ring of flight (left hand)
 o - an amulet of reflection (around neck)
 y - the ring of Heresy (right hand) {Fire rCorr Int+6}
   (You found it on level 9 of the Dungeon)

   [ring of fire]

   It enhances your fire magic.
   Int:       It affects your intelligence (+6).
   rF:        It protects you from fire.
   rC:        It makes you vulnerable to cold.
   rCorr:     It protects you from acid and corrosion.
 A - a ring of protection from cold
 E - a ring of see invisible
Wands
 H - a wand of polymorph (7)
Scrolls
 c - 2 scrolls of fear
 k - a scroll of noise {unknown}
 m - a scroll of silence
 v - 2 scrolls of torment {unknown}
 x - 2 scrolls of enchant armour {unknown}
 B - 2 scrolls of enchant weapon
 F - a scroll of holy word
 M - a scroll of magic mapping {unknown}
Potions
 d - 2 potions of flight {unknown}
 e - 2 potions of resistance {unknown}
 f - 2 potions of brilliance {unknown}
 g - 2 potions of curing
 j - a potion of degeneration {unknown}
 n - 4 potions of cancellation {unknown}
 p - 2 potions of magic {unknown}
 r - 4 potions of mutation {unknown}
 s - a potion of ambrosia {unknown}
 t - a potion of might {unknown}
 w - 5 potions of heal wounds {unknown}
 z - 2 potions of haste {unknown}
 C - a potion of invisibility {unknown}
 D - 2 potions of attraction {unknown}
Miscellaneous
 K - a phial of floods


   Skills:
 + Level 8.0 Fighting
 + Level 11.6 Maces & Flails
 + Level 0.5 Throwing
 + Level 8.2 Armour
 - Level 4.3 Dodging
 - Level 0.4 Stealth
 + Level 5.8 Shields
 * Level 5.9 Evocations


You had 10 spell levels left.
You didn't know any spells.
Your spell library was empty.

Dungeon Overview and Level Annotations

Branches:
Dungeon (10/15)            Temple (0/1) D:5            Lair (0/6) D:9
  Sewer (visited)         Ossuary (visited)
    Orc: D:9-12

Altars:
Cheibriados
Gozag
Hepliaklqana
Makhleb
Ru
Vehumet
Zin

Shops:
D:5 (

Annotations:
D:10 Erolcha


Innate Abilities, Weirdness & Mutations

You are immune to sickness and miasma.
Your stone body is resilient. (AC +8)
You are immune to poison.
You resist negative energy. (rN+)
You are resistant to electric shocks. (rElec)
You are resistant to unholy torment.
You are immune to petrification.
[Your body often deteriorates upon taking damage.]
[You are very frail. (-20% HP)]


Message History

The spatial vortex is heavily damaged.
The now-empty wand crumbles to dust.
You hear an angry squeal.
You hear a bark!
The spatial maelstrom hits you but does no damage.
The spatial maelstrom barely misses you.
A spatial vortex comes into view.
A red film seems to cover your vision as you go berserk!
You feel yourself moving faster!
You feel mighty! The spatial maelstrom hits you.
You blink.
A large abomination comes into view.
You feel a strong urge to attack something.
You feel your anger nearly subside.
You are no longer berserk.
You are exhausted.
You feel yourself slow down.
The spatial maelstrom hits you but does no damage. x2
A spatial vortex comes into view.
The spatial maelstrom hits you but does no damage.
The spatial maelstrom hits you. Space warps around you.
The spatial maelstrom hits you.
* * * LOW HITPOINT WARNING * * *
Space warps around you.
* * * LOW HITPOINT WARNING * * *
The spatial maelstrom barely misses you.
The spatial maelstrom hits you but does no damage. x2
A raiju comes into view.
A spatial vortex comes into view.
The red devil hits you from afar with a +0 trident.
* * * LOW HITPOINT WARNING * * *
Barbed spikes become lodged in your body.
The spatial maelstrom barely misses you.
The spatial maelstrom closely misses you.
The barbs in your skin will harm you if you move.
Continue? [Y]es or [N]o only, please.
The barbs in your skin will harm you if you move.
Continue?
Okay, then.
There are monsters nearby!
The barbs in your skin will harm you if you move.
Continue?
The barbed spikes dig painfully into your body as you move.
You die...

#### #.. #. ###.#
... # # . . #.@##
#.# ..##4 ..
#.#..##.### ##.#. #
##. #v.# ..#.# #..v#
. ...##..4...... #.
#.# ##....#v.#.#.#.#
. ..#
.#..#...##.#.#..
#..# .h...#....#
#.#. #. . . .
#..#..X.## ##..#.
#### .
##..v#..####..##.#..


You could see a spatial maelstrom, a spatial vortex and a red devil.

Vanquished Creatures
  Harold (D:7)
  The ghost of cbfl8 the Basher, a journeyman GrBe of Trog (D:9)
  A two-headed ogre (D:9)
  A wretched star (Abyss:2)
  A smoke demon (Abyss:2)
  An ice devil (D:9)
  An efreet (Abyss:2)
  2 hornets
  Grinder (D:3)
  6 yaks
  A shadow (D:9)
  4 steam dragons
  Grum (D:9)
  2 water moccasins (D:8)
  3 sky beasts
  Pargi (Sewer)
  4 ice beasts
  5 ogres
  An orc warrior (D:9)
  4 necrophages
  3 wolves
  A phantom (D:5)
  5 centaurs
  3 kobold brigands
  Blork the orc (D:6)
  4 bullfrogs
  A wyvern zombie (D:7)
  11 scorpions
  A hornet simulacrum (D:9)
  15 killer bees
  3 howler monkeys (D:10)
  A centaur zombie (Ossuary)
  2 hounds
  4 orc priests
  2 gnoll shamans (D:7)
  A centaur skeleton (D:7)
  2 human zombies (Ossuary)
  4 iguanas
  6 scorpion zombies (Ossuary)
  Natasha (thrice) (D:3)
  6 orc wizards
  A killer bee zombie (D:6)
  A hound skeleton (D:4)
  A howler monkey zombie (D:6)
  3 mummies (Ossuary)
  5 gnolls (D:7)
  4 adders
  2 howler monkey skeletons (D:7)
  A river rat (D:3)
  A shadow imp (D:7)
  4 white imps
  A howler monkey simulacrum (D:9)
  A worm zombie (D:4)
  4 worms
  3 dart slugs
  15 orcs
  10 ball pythons
  9 bats
  12 endoplasms
  2 giant cockroaches
  2 gnoll zombies (Ossuary)
  10 goblins
  7 hobgoblins
  4 jackals (D:3)
  5 quokkas
  9 frilled lizards
  A goblin zombie (Ossuary)
  2 hobgoblin zombies (Ossuary)
  8 kobolds
  An orc zombie (Ossuary)
  4 rats
254 creatures vanquished.

Vanquished Creatures (others)
  An orc wizard (D:6)
  An orc (D:6)
  10 fungi (D:8)
  7 plants (D:4)
19 creatures vanquished.

Grand Total: 273 creatures vanquished

Notes
Turn   | Place    | Note
-------+----------+-------------------------------------------
     0 | D:1      | cbfl8 the Gargoyle Berserker began the quest for the Orb.
     0 | D:1      | Reached XP level 1. HP: 14/14 MP: 1/1
   217 | D:1      | Reached XP level 2. HP: 19/19 MP: 2/2
   848 | D:1      | Reached XP level 3. HP: 23/23 MP: 3/3
  1799 | D:2      | Reached ** piety under Trog
  1850 | D:2      | Reached XP level 4. HP: 29/29 MP: 4/4
  2002 | D:3      | Reached skill level 4 in Maces & Flails
  2359 | D:3      | Noticed Natasha
  2375 | D:3      | Killed Natasha
  2376 | D:3      | Reached XP level 5. HP: 8/33 MP: 5/5
  2384 | D:3      | Noticed Grinder
  2388 | D:3      | Paralysed by Grinder for 3 turns
  2391 | D:3      | Killed Grinder
  2392 | D:3      | Reached skill level 5 in Maces & Flails
  2392 | D:3      | Reached skill level 1 in Shields
  2392 | D:3      | Reached XP level 6. HP: 6/38 MP: 6/6
  2424 | D:3      | Found a faded altar of an unknown god.
  2466 | D:3      | Noticed Natasha
  2481 | D:3      | Killed Natasha
  2523 | D:3      | Found a glowing drain.
  2547 | Sewer    | Entered a sewer
  2724 | Sewer    | Noticed Pargi
  2741 | Sewer    | Killed Pargi
  2742 | Sewer    | Reached XP level 7. HP: 40/44 MP: 7/7
  3130 | D:3      | Noticed Natasha
  3142 | D:3      | Killed Natasha
  3401 | D:4      | Found a sand-covered staircase.
  3423 | D:4      | Reached skill level 6 in Maces & Flails
  3430 | D:4      | Reached *** piety under Trog
  3442 | Ossuary  | Entered an ossuary
  3614 | Ossuary  | Reached XP level 8. HP: 48/48 MP: 8/8
  3717 | Ossuary  | Reached skill level 7 in Maces & Flails
  3722 | Ossuary  | Reached skill level 5 in Fighting
  3924 | D:4      | Identified the +3 dagger "Reeba" {holy, rCorr Int+2}
  4552 | D:5      | Entered Level 5 of the Dungeon
  4577 | D:5      | Reached skill level 8 in Maces & Flails
  4577 | D:5      | Reached skill level 1 in Evocations
  4659 | D:5      | Found Wocauk's Antique Weapon Shoppe.
  4663 | D:5      | Reached XP level 9. HP: 54/54 MP: 9/9
  4746 | D:5      | Found a staircase to the Ecumenical Temple.
  5222 | D:6      | Found a sacrificial altar of Ru.
  5233 | D:6      | Reached **** piety under Trog
  5234 | D:6      | Reached skill level 9 in Maces & Flails
  5445 | D:6      | Noticed Blork the orc
  5458 | D:6      | Killed Blork the orc
  5526 | D:6      | Found a hazy altar of Hepliaklqana.
  5597 | D:6      | Found a burning altar of Makhleb.
  5750 | D:6      | Found an opulent altar of Gozag.
  5906 | D:7      | Reached skill level 5 in Armour
  6073 | D:7      | Noticed Harold
  6088 | D:7      | Killed Harold
  6089 | D:7      | Reached skill level 10 in Maces & Flails
  6089 | D:7      | Reached XP level 10. HP: 61/61 MP: 10/10
  6688 | D:7      | Found a glowing silver altar of Zin.
  8032 | D:8      | Reached ***** piety under Trog
  8525 | D:8      | Reached skill level 5 in Shields
  8735 | D:8      | Reached skill level 5 in Evocations
  9236 | D:9      | Reached skill level 11 in Maces & Flails
  9689 | D:9      | Reached XP level 11. HP: 63/67 MP: 11/11
  9777 | D:9      | Noticed Grum
 10182 | D:9      | Killed Grum
 10571 | D:9      | Noticed a two-headed ogre
 10585 | D:9      | Killed a two-headed ogre
 11107 | D:9      | Found a runed translucent gate.
 11108 | D:9      | Found a runed translucent gate.
 11111 | D:9      | Found a runed translucent gate.
 11135 | D:9      | Found a staircase to the Lair.
 11155 | D:9      | Found a radiant altar of Vehumet.
 11449 | D:9      | Found a snail-covered altar of Cheibriados.
 11488 | D:9      | Noticed cbfl8's ghost (journeyman GrBe)
 11689 | D:9      | Killed cbfl8's ghost
 11791 | D:9      | Got the ring of Heresy {Fire rCorr Int+6}
 11910 | D:10     | Entered Level 10 of the Dungeon
 12169 | D:10     | Noticed Erolcha
 12177 | D:10     | Cast into level 2 of the Abyss (Erolcha)
 12209 | Abyss:2  | Noticed an orb spider
 12210 | Abyss:2  | Noticed a deep troll
 12210 | Abyss:2  | an orb spider changed into a deep troll
 12211 | Abyss:2  | Noticed a sea snake
 12211 | Abyss:2  | a deep troll changed into a sea snake
 12227 | Abyss:2  | Noticed a wretched star
 12279 | Abyss:2  | Killed a wretched star
 12321 | Abyss:2  | Noticed a spatial maelstrom
 12351 | Abyss:2  | Succumbed to barbed spike wounds

Illustrated notes

Levels and vault maps discovered:
D:1:      dpeg_arrival_oval, layout_basic
D:2:      layout_basic
D:3:      layout_rooms, portal_sewer_entry_e,
          dilly_ecumenical_altar_fadedgnrine, uniq_natasha, uniq_grinder
D:4:      layout_basic, enter_ossuary_3, serial_bayou_ford_a
D:5:      layout_basic, minmay_temple_entry_junction, serial_shops,
          nicolae_shop_waterfront
D:6:      layout_rooms, mainiacjoe_overflow_tiny_flanked,
          grunt_gozag_breadcrumbs, lightli_temple_of_fire,
          mainiacjoe_overflow_brackets, serial_glass, glass_columns_b,
          glass_columns_a, glass_columns_b, glass_columns_c, glass_columns_a,
          glass_columns_c, glass_columns_b, glass_columns_a, feat_on_display,
          kennysheep_nondescript, uniq_blork_the_orc
D:7:      layout_rooms, zin_statuary, minmay_fractal_squares_5, uniq_harold
D:8:      kennysheep_steamy, layout_loops_ring
D:9:      layout_cave_pools, mainiacjoe_overflow_paths, marbit_many_paths,
          lair_entry_dummy, gammafunk_ghost_icy, nrook_loot_triangle, uniq_grum
D:10:     wad_guarded_room, layout_loops_ring, serial_shops,
          nicolae_shop_hallway_plus, uniq_erolcha
Abyss:2:  base: Temple, base: D:6, lemuel_flamethrower_2, bh_abyss_exit_spiral

Skill      XL: |  1  2  3  4  5  6  7  8  9 10 11 |
---------------+----------------------------------+-----
Dodging        | 2 3 4 |  4.3
Maces & Flails | 4 5 6 8 10 11 | 11.6
Fighting       | 4 5 6 7 8 |  8.0
Armour         | 3 4 5 7 8 |  8.2
Shields        | 1 2 4 5 |  5.8
Evocations     | 1 3 5 |  5.9
Throwing       | |  0.5
Stealth        | |  0.4

Action                   |  1- 3 |  4- 6 |  7- 9 | 10-12 || total
-------------------------+-------+-------+-------+-------++-------
Melee: Mace              |   117 |   156 |   464 |   680 ||  1417
       Punch             |       |     3 |    11 |    14 ||    28
Throw: Throwing net      |       |       |       |     3 ||     3
Invok: Berserk           |       |     3 |     8 |    10 ||    21
       Trog's Hand       |       |     1 |       |     2 ||     3
Evoke: Wand              |       |     6 |       |    12 ||    18
  Use: Scroll            |       |     5 |     3 |    12 ||    20
       Potion            |       |       |       |     5 ||     5
Armor: Animal skin       |    39 |       |       |       ||    39
       Ring mail         |    19 |   102 |       |       ||   121
       Troll leather arm |       |       |   177 |       ||   177
       Chain mail        |       |       |    86 |   424 ||   510
       Plate armour      |       |       |       |    95 ||    95
Dodge: Dodged            |    79 |   123 |   222 |   296 ||   720
Block: Other             |       |    33 |   103 |   173 ||   309
       Reflection        |       |       |     1 |     6 ||     7
